[Event "Titled Tuesday Blitz March 07 Late 2023"]
[White "Harriott, Tyrell"]
[Black "Pinheiro, Iung Alicio de O."]
[WhiteFideId "2086484"]
[BlackFideId "2104350"]
[WhiteElo "2107"]
[BlackElo "2283"]
[Result "1-0"]
[Round "09"]
[TimeControl "180+2"]
[Date "2023.03.07"]
[WhiteClock "0:00:13"]
[BlackClock "0:00:01"]

1. d4 d5 2. e3 Nf6 3. Bd3 e6 4. f4 Be7 5. Nf3 b6 6. c3 Bb7 7. Nbd2 Ne4 8. O-O O-O 9. Ne5 f6 10. Ng4 c5 11. Qf3 f5 12. Ne5 Nc6 13. g4 Nxe5 14. fxe5 g6 15. gxf5 Rxf5 16. Qh3 Ng5 17. Qg2 Rxf1+ 18. Nxf1 c4 19. Bc2 Qf8 20. Ng3 Qf3 21. e4 Qxg2+ 22. Kxg2 dxe4 23. Bxg5 Bxg5 24. Bxe4 Bd5 25. Bxd5 exd5 26. Rf1 b5 27. Kf2 Rb8 28. Ke2 b4 29. Kf3 bxc3 30. bxc3 Rb2 31. Rf2 Rb7 32. Kg4 Be7 33. h4 h5+ 34. Kh3 a5 35. Rc2 a4 36. Rg2 Kf7 37. Ne2 a3 38. Nf4 Rb2 39. Nxd5 Bf8 40. Ne3 Ke6 41. Nxc4 Rb1 42. Rxg6+ Kd5 43. Ne3+ Ke4 44. Nc4 Kd3 45. Nd6 Kxc3 46. Nf5 Rb2 47. Rg2 Bb4 48. e6 1-0


[Site "https://www.chess.com"]

[Event "Titled Tuesday Blitz March 07 Late 2023"]
[White "Tyagi, Kushan"]
[Black "Moral Garcia, Serafin"]
[WhiteFideId "2040069"]
[BlackFideId "2201925"]
[WhiteElo "2390"]
[BlackElo "2254"]
[Result "0-1"]
[Round "09"]
[TimeControl "180+2"]
[Date "2023.03.07"]
[WhiteClock "0:00:06"]
[BlackClock "0:01:18"]

1. d4 Nf6 2. c4 g6 3. Nc3 d5 4. cxd5 Nxd5 5. e4 Nxc3 6. bxc3 Bg7 7. Nf3 c5 8. Rb1 O-O 9. Be2 Nc6 10. d5 Ne5 11. Nxe5 Bxe5 12. Qd2 e6 13. f4 Bc7 14. O-O exd5 15. exd5 Ba5 16. Bb2 Qd6 17. Rbd1 Re8 18. Bf3 c4 19. Kh1 Bf5 20. Rfe1 Bd3 21. Re3 Rxe3 22. Qxe3 Bb6 23. Qe5 Bc7 24. Qxd6 Bxd6 25. g3 Re8 26. Kg2 f5 27. Bc1 Kf7 28. Bd2 b5 29. Re1 Rxe1 30. Bxe1 a5 31. Bd1 Bc5 32. a4 b4 33. cxb4 axb4 34. Bf2 Bxf2 35. Kxf2 b3 36. Be2 Bxe2 37. Kxe2 b2 38. Kd2 b1=Q 0-1


[Site "https://www.chess.com"]

[Event "Titled Tuesday Blitz March 07 Late 2023"]
[White "Zampronha, Wladimir Camilo"]
[Black "Graif, William"]
[WhiteFideId "2103087"]
[BlackFideId "2609835"]
[WhiteElo "2176"]
[BlackElo "2205"]
[Result "0-1"]
[Round "09"]
[TimeControl "180+2"]
[Date "2023.03.07"]
[WhiteClock "0:00:53"]
[BlackClock "0:00:16"]

1. e4 e5 2. Nf3 Bc5 3. Nxe5 Nc6 4. Nf3 d5 5. e5 d4 6. Bb5 Ne7 7. O-O O-O 8. d3 Bg4 9. Re1 Qd5 10. Bc4 Bxf3 11. Bxd5 Bxd1 12. Bxc6 Nxc6 13. Rxd1 Nxe5 14. Bf4 Bd6 15. Bxe5 Bxe5 16. Nd2 Rfe8 17. Re1 f5 18. g3 Kf7 19. f4 Bf6 20. Kf2 g5 21. fxg5 Bxg5 22. Nf1 Rad8 23. Rxe8 Rxe8 24. Re1 Rxe1 25. Kxe1 Ke6 26. Ke2 Ke5 27. Nd2 Bxd2 28. Kxd2 f4 29. Ke2 fxg3 30. hxg3 h5 31. Kf3 Kf5 32. c3 dxc3 33. bxc3 c5 34. a4 b6 35. Ke3 a6 36. d4 cxd4+ 37. Kxd4 Kg4 38. a5 b5 39. Kc5 Kxg3 40. Kb6 h4 41. Kxa6 h3 42. Kxb5 h2 43. Kb6 h1=Q 44. a6 Qa8 45. c4 Qb8+ 46. Kc6 Kf4 47. c5 Ke5 48. Kd7 Kd5 49. c6 Qb5 50. a7 Qxc6+ 51. Kd8 Qa8+ 52. Kc7 Qxa7+ 53. Kc8 Kd6 54. Kd8 Qd7# 0-1


[Site "https://www.chess.com"]

[Event "Titled Tuesday Blitz March 07 Late 2023"]
[White "Erzhanov, Arman"]
[Black "Pesotskiy, Mikhail"]
[WhiteFideId "4138821"]
[BlackFideId "34164453"]
[WhiteElo "2138"]
[BlackElo "2131"]
[Result "1-0"]
[Round "09"]
[TimeControl "180+2"]
[Date "2023.03.07"]
[WhiteClock "0:00:20"]
[BlackClock "0:00:02"]

1. e4 e6 2. b3 d5 3. Bb2 dxe4 4. Nc3 Nf6 5. Qe2 Nbd7 6. O-O-O Be7 7. Nxe4 O-O 8. Nf3 b6 9. Nxf6+ Nxf6 10. g4 Bb7 11. g5 Nd5 12. h4 Bd6 13. Rg1 Qe7 14. Kb1 Rae8 15. Ne5 Nf4 16. Qg4 Ng6 17. f4 Bc5 18. d4 Nxe5 19. fxe5 Ba3 20. Ba1 c5 21. Bd3 cxd4 22. Bxd4 Bc5 23. h5 Bxd4 24. Qxd4 Rd8 25. Qg4 Rd5 26. Rde1 Rfd8 27. g6 fxg6 28. hxg6 Rf8 29. gxh7+ Kh8 30. Bc4 Rd2 31. Bxe6 Rff2 32. Bf5 Qc7 33. Qg6 Bc6 34. e6 Qe7 35. Bd3 Rf6 36. Qg4 Be8 37. Qg3 Rdf2 38. Qe5 1-0


[Site "https://www.chess.com"]

[Event "Titled Tuesday Blitz March 07 Late 2023"]
[White "Kukavica, Tony"]
[Black "Goltseva, Ekaterina"]
[WhiteFideId "2062542"]
[BlackFideId "24173770"]
[WhiteElo "1993"]
[BlackElo "2200"]
[Result "0-1"]
[Round "09"]
[TimeControl "180+2"]
[Date "2023.03.07"]
[WhiteClock "0:00:01"]
[BlackClock "0:00:07"]

1. d4 Nf6 2. c4 e6 3. Nc3 d5 4. Nf3 a6 5. e3 dxc4 6. Bxc4 b5 7. Bd3 Bb7 8. O-O Nbd7 9. Qe2 c5 10. dxc5 Bxc5 11. Rd1 Qb8 12. h3 O-O 13. b3 Bd6 14. Bb2 Ne5 15. Nxe5 Bxe5 16. Rac1 Rc8 17. Nb1 g6 18. Rxc8+ Bxc8 19. f4 Bxb2 20. Qxb2 Nd5 21. Be4 Bb7 22. Kf2 Qa7 23. Qd4 Qxd4 24. Rxd4 Rc8 25. Nd2 f5 26. Bf3 Rc2 27. a4 Bc6 28. axb5 axb5 29. g3 Rc3 30. e4 Nf6 31. exf5 Bxf3 32. Nxf3 gxf5 33. Nd2 Nd5 34. g4 fxg4 35. hxg4 Kf7 36. f5 Nf6 37. Rd6 Nxg4+ 38. Kg2 exf5 39. Nf3 Rxb3 40. Ng5+ Ke7 41. Rb6 h6 42. Rb7+ Kf6 43. Nh7+ Ke5 44. Nf8 Rb2+ 45. Kf1 Kf4 46. Ng6+ Kf3 47. Ke1 Ne3 48. Rxb5 Re2# 0-1


[Site "https://www.chess.com"]

[Event "Titled Tuesday Blitz March 07 Late 2023"]
[White "Romero Ruscalleda, Josep"]
[Black "Becerra, Juan David"]
[WhiteFideId "2231859"]
[BlackFideId "4404998"]
[WhiteElo "2183"]
[BlackElo "2282"]
[Result "0-1"]
[Round "09"]
[TimeControl "180+2"]
[Date "2023.03.07"]
[WhiteClock "0:00:01"]
[BlackClock "0:00:04"]

1. e4 e5 2. Nf3 Nc6 3. Bc4 Bc5 4. c3 Nf6 5. b4 Bb6 6. d3 d6 7. a4 a6 8. O-O O-O 9. h3 Ne7 10. Bb3 Ng6 11. Nbd2 c6 12. Nc4 Bc7 13. Re1 Re8 14. Ne3 d5 15. Qc2 Be6 16. Nf5 Qd7 17. g4 dxe4 18. dxe4 h6 19. Be3 Rad8 20. Rad1 Bxb3 21. Qxb3 Qe6 22. Qc2 Nf4 23. Bxf4 exf4 24. e5 Rxd1 25. Qxd1 Nd5 26. Qd2 Kh7 27. N3d4 Qg6 28. c4 Nb6 29. Qxf4 Nxc4 30. Nf3 Qe6 31. N5d4 Qd5 32. Qf5+ g6 33. Qf6 Nxe5 34. Nxe5 Bxe5 35. Qf3 Bh2+ 36. Kxh2 Rxe1 37. Qxd5 cxd5 38. Kg3 Re4 0-1


[Site "https://www.chess.com"]

[Event "Titled Tuesday Blitz March 07 Late 2023"]
[White "Ardila, Oscar Humberto"]
[Black "Elissalt Cardenas, Hector"]
[WhiteFideId "4404742"]
[BlackFideId "3500632"]
[WhiteElo "1911"]
[BlackElo "2202"]
[Result "0-1"]
[Round "09"]
[TimeControl "180+2"]
[Date "2023.03.07"]
[WhiteClock "0:00:01"]
[BlackClock "0:00:14"]

1. d4 Nf6 2. c4 e6 3. Nf3 b6 4. Nc3 Bb7 5. e3 Be7 6. Be2 O-O 7. O-O d5 8. b3 Nbd7 9. Bb2 a6 10. Rc1 Ne4 11. Nxe4 dxe4 12. Nd2 f5 13. Qc2 Qe8 14. d5 e5 15. f4 exf4 16. exf4 Bf6 17. Kh1 Qe7 18. Rfe1 a5 19. a4 Nc5 20. Nf1 Bxb2 21. Qxb2 Qh4 22. g3 Qf6 23. Qxf6 Rxf6 24. Ne3 Nxb3 25. Rc3 Nc5 26. Ra1 Re8 27. Kg2 Bc8 28. Kf2 Bd7 29. Bd1 h6 30. Bc2 g5 31. Rca3 Re7 32. Rg1 Rg7 33. Raa1 Kf8 34. Ke2 Ke7 35. Kd2 Kd6 36. Kc3 Rfg6 37. Ng2 Rf6 38. Kd4 Re7 39. Ne3 c6 40. h4 Rg7 41. hxg5 hxg5 42. Ng2 Rh6 43. fxg5 Rxg5 44. Nf4 Rh2 45. Kc3 Rf2 46. Rad1 Rf3+ 47. Kb2 cxd5 48. Rxd5+ Kc7 49. Rgd1 Rgxg3 50. Nh5 Rg2 51. Nf6 Bxa4 52. Rd8 Rxc2+ 0-1


[Site "https://www.chess.com"]

[Event "Titled Tuesday Blitz March 07 Late 2023"]
[White "Quinones Garcia, Santiago"]
[Black "Di Berardino, Diego Rafael"]
[WhiteFideId "4408497"]
[BlackFideId "2105446"]
[WhiteElo "2263"]
[BlackElo "2432"]
[Result "1/2-1/2"]
[Round "09"]
[TimeControl "180+2"]
[Date "2023.03.07"]
[WhiteClock "0:00:13"]
[BlackClock "0:00:04"]

1. d4 Nf6 2. c4 c5 3. Nc3 cxd4 4. Qxd4 Nc6 5. Qd2 g6 6. f3 Bg7 7. e4 O-O 8. Be2 e6 9. b3 d5 10. cxd5 exd5 11. Bd3 dxe4 12. fxe4 Nb4 13. Bb1 Nxe4 14. Bxe4 Bxc3 15. Qxc3 Qh4+ 16. Kf1 Qxe4 17. Bb2 f6 18. Re1 Qd3+ 19. Ne2 Qxc3 20. Nxc3 Nd3 21. Re2 Bg4 22. Rd2 Rad8 23. h3 Rfe8 24. Rxd3 Rxd3 25. hxg4 Rd2 26. Ba3 Rc2 27. Nd5 Rd8 28. Ne7+ Kg7 29. Kg1 Rd1+ 30. Kh2 Rxh1+ 31. Kxh1 Rxa2 32. Bd6 b6 33. Nc6 Re2 34. Nxa7 Re4 35. Nc8 b5 36. Na7 b4 37. Bc5 Rxg4 38. Nc6 Rg3 39. Nd4 Rd3 40. Kg1 h5 41. Kf2 Rd2+ 42. Kf3 g5 43. Nf5+ Kg6 44. Ne7+ Kf7 45. Bxb4 Rd3+ 46. Kf2 Rxb3 47. Bc5 Rc3 48. Bb4 Rc4 49. Ba3 Ra4 50. Bc5 h4 51. Kg1 Ke6 52. Ng8 g4 53. Kh2 Ra1 54. Nh6 f5 55. Bg1 Kf6 56. Ng8+ Kg5 57. Ne7 f4 58. Nd5 Kf5 59. Nc3 f3 60. gxf3 gxf3 61. Nb5 Kf4 62. Nc3 Rc1 63. Nd5+ Kf5 64. Ne3+ Ke4 65. Ng4 Rc2+ 66. Nf2+ Kf4 67. Kh3 Ke3 68. Ng4+ Ke2 69. Kxh4 Rc4 70. Kh3 Rc1 71. Bh2 Rh1 72. Kg3 f2 73. Nxf2 Rxh2 74. Kxh2 1/2-1/2


[Site "https://www.chess.com"]

[Event "Titled Tuesday Blitz March 07 Late 2023"]
[White "Hjartarson, Johann"]
[Black "Paspuel, Trosky"]
[WhiteFideId "2300044"]
[BlackFideId "3602150"]
[WhiteElo "2416"]
[BlackElo "2328"]
[Result "1-0"]
[Round "09"]
[TimeControl "180+2"]
[Date "2023.03.07"]
[WhiteClock "0:01:19"]
[BlackClock "0:00:20"]

1. d4 Nf6 2. c4 e6 3. Nf3 d5 4. Nc3 Bb4 5. Qa4+ Nc6 6. e3 Bd7 7. Qc2 O-O 8. Bd2 Bd6 9. a3 dxc4 10. Bxc4 e5 11. d5 Ne7 12. O-O c6 13. dxc6 Bxc6 14. e4 Ng6 15. Rad1 Qc7 16. Bg5 Nd7 17. Ba2 Kh8 18. Nd5 Qa5 19. Bd2 Qc5 20. Qb1 Rad8 21. Bb4 Bxd5 22. Rxd5 1-0


[Site "https://www.chess.com"]

[Event "Titled Tuesday Blitz March 07 Late 2023"]
[White "Delgado Rosas, Fatima Alexandra"]
[Black "Romkachess"]
[WhiteFideId "6603963"]
[WhiteElo "2319"]
[BlackElo "2478"]
[Result "0-1"]
[Round "09"]
[TimeControl "180+2"]
[Date "2023.03.07"]
[WhiteClock "0:00:44"]
[BlackClock "0:00:10"]

1. d4 Nf6 2. c3 e6 3. Nf3 c5 4. e3 cxd4 5. exd4 b6 6. Bd3 Bb7 7. O-O Be7 8. Bg5 O-O 9. Re1 h6 10. Bh4 d6 11. Nbd2 Nbd7 12. Qe2 Rc8 13. Bg3 Re8 14. Nc4 Nf8 15. Rad1 Bd5 16. h3 Qd7 17. Ne3 Bxa2 18. Ra1 Bb3 19. Bb5 Qb7 20. Ba6 Qd7 21. Bxc8 Rxc8 22. Qa6 Ra8 23. Qa3 Bd5 24. Nxd5 Nxd5 25. c4 Nf6 26. Qa4 Qb7 27. b3 N8d7 28. Qa3 Ne4 29. Rxe4 Qxe4 30. Bxd6 Bxd6 31. Qxd6 Nf6 32. Ne5 Qc2 33. Qc7 Rf8 34. Rxa7 Qc1+ 35. Kh2 Qf4+ 36. Kg1 Ne4 37. Nf3 Qc1+ 38. Kh2 Nxf2 39. Ra2 Qh1+ 40. Kg3 Ne4+ 41. Kf4 Ng5 42. Nxg5 Qh2+ 43. g3 Qxa2 44. Nf3 Qxb3 45. h4 Qd3 46. g4 g5+ 47. hxg5 hxg5+ 48. Kg3 Qe4 49. Qxb6 Qf4+ 50. Kf2 Ra8 51. Qb2 Rc8 52. c5 Rd8 53. c6 Rb8 54. Qc2 Qxg4 55. c7 Rc8 56. Qc6 Qf4 57. Qc5 Rxc7 58. Qxg5+ Qxg5 59. Nxg5 Kg7 60. Ke3 Kf6 61. Nf3 Ke7 62. Ke4 f6 63. Nh4 Ra7 64. Ng6+ Kd6 65. Nf4 Ra4 66. Ng6 e5 67. Ke3 Rxd4 68. Nh8 Ke6 69. Ng6 Ra4 70. Nf8+ Kf7 71. Nd7 Ra3+ 72. Ke4 Ra1 73. Nc5 Kg6 74. Ne6 Re1+ 75. Kf3 Kf5 76. Ng7+ Kg5 77. Ne6+ Kg6 78. Nf8+ Kf5 79. Nd7 Ra1 80. Nc5 Ra3+ 81. Ke2 e4 82. Kf2 Kf4 83. Ne6+ Ke5 84. Nc5 f5 85. Ke2 f4 86. Kf2 Rc3 87. Na4 Rc2+ 88. Ke1 f3 89. Kf1 Kf4 90. Ke1 e3 91. Kd1 Rh2 92. Nc3 e2+ 93. Kd2 Rh1 94. Nd5+ Ke4 95. Nc3+ Kd4 96. Nb5+ Kc5 97. Na3 e1=Q+ 98. Kc2 Rh2+ 99. Kb3 Qb4# 0-1


[Site "https://www.chess.com"]

[Event "Titled Tuesday Blitz March 07 Late 2023"]
[White "Marczuk, Dominik"]
[Black "Crispin Ferreras, Darvi Abraham"]
[WhiteFideId "1111264"]
[BlackFideId "6402771"]
[WhiteElo "2174"]
[BlackElo "2106"]
[Result "1-0"]
[Round "09"]
[TimeControl "180+2"]
[Date "2023.03.07"]
[WhiteClock "0:00:46"]
[BlackClock "0:01:49"]

1. e4 c5 2. Nf3 e6 3. d4 cxd4 4. Nxd4 a6 5. Bd3 Bc5 6. Nb3 Ba7 7. O-O d6 8. Qe2 Qc7 9. Nc3 Nf6 10. Bd2 Nbd7 11. Kh1 O-O 12. Rae1 Ne5 13. f4 Nxd3 14. cxd3 e5 15. Rc1 Qe7 16. fxe5 dxe5 17. Bg5 Be6 18. Nd2 Kh8 19. Nf3 Bg4 20. h3 Bh5 21. g4 Bg6 22. Nd5 Qe6 23. Nc7 Qd6 24. Nxa8 Rxa8 25. Bxf6 gxf6 26. Rc3 Rd8 27. Rfc1 Kg7 28. Kg2 h5 29. Rc7 hxg4 30. hxg4 Rd7 31. Rxd7 Qxd7 32. Nh4 Bd4 33. Nf5+ Bxf5 34. gxf5 Kf8 35. Qc2 Qb5 36. b3 Qb4 37. a4 b5 38. axb5 axb5 39. Kf3 Qa3 40. Qc8+ Kg7 41. Rh1 Qxb3 42. Qh8# 1-0


[Site "https://www.chess.com"]

[Event "Titled Tuesday Blitz March 07 Late 2023"]
[White "Gatterer, Florian"]
[Black "Prieto Aranguren, Alain"]
[WhiteFideId "811688"]
[BlackFideId "2268906"]
[WhiteElo "2221"]
[BlackElo "2209"]
[Result "1-0"]
[Round "09"]
[TimeControl "180+2"]
[Date "2023.03.07"]
[WhiteClock "0:00:04"]
[BlackClock "0:00:06"]

1. b3 a5 2. Nc3 Na6 3. Bb2 Nc5 4. d4 Na6 5. e4 c6 6. a4 d5 7. e5 Bf5 8. Bd3 Bxd3 9. Qxd3 Nb4 10. Qd1 e6 11. Nge2 Qg5 12. O-O h5 13. Ba3 Nh6 14. f3 h4 15. f4 Qg6 16. Bxb4 axb4 17. Nb1 Nf5 18. Qd3 Ra5 19. Nd2 c5 20. Kh1 cxd4 21. Nf3 Ng3+ 22. Nxg3 Qxd3 23. cxd3 hxg3 24. Rac1 Rc5 25. Rxc5 Bxc5 26. Rc1 b6 27. a5 Kd7 28. a6 gxh2 29. Ra1 Ra8 30. Kxh2 Kc6 31. Kh3 f6 32. Kg4 Kb5 33. Kh5 Rxa6 34. Rxa6 Kxa6 35. Kg6 Kb7 36. Kf7 Kc6 37. Kxe6 fxe5 38. Nxe5+ Kc7 39. Nf7 Kc8 40. g4 Bf8 41. f5 Kc7 42. Ne5 Bc5 43. g5 Kd8 44. f6 gxf6 45. gxf6 Ke8 46. f7+ Kf8 47. Kxd5 Ke7 48. Kc6 Ke6 49. Nd7 Be7 50. f8=Q Bxf8 51. Nxf8+ Kf5 52. Kd5 Kf4 53. Kxd4 Kf3 54. Kc4 Ke2 55. d4 1-0


[Site "https://www.chess.com"]

[Event "Titled Tuesday Blitz March 07 Late 2023"]
[White "Kielinkei"]
[Black "Leonte, Sebastian-Marian"]
[BlackFideId "1268767"]
[WhiteElo "2390"]
[BlackElo "2286"]
[Result "0-1"]
[Round "09"]
[TimeControl "180+2"]
[Date "2023.03.07"]
[WhiteClock "0:00:02"]
[BlackClock "0:00:16"]

1. Nf3 Nf6 2. g3 d5 3. Bg2 c6 4. O-O Bg4 5. d4 e6 6. h3 Bh5 7. c4 Be7 8. Nc3 Nbd7 9. cxd5 cxd5 10. Bf4 a6 11. Rc1 O-O 12. Qb3 b5 13. a3 Nb6 14. Ne5 Rc8 15. g4 Bg6 16. e3 Nc4 17. Rfd1 Na5 18. Qa2 Nd7 19. Nxd7 Qxd7 20. Ne2 Bc2 21. Rd2 Bb3 22. Qa1 Bc4 23. Rc3 Nb3 24. Rxb3 Bxb3 25. Nc3 a5 26. Bf1 Bc4 27. Bg3 b4 28. Ne2 bxa3 29. bxa3 Qa4 30. Nc3 Qxa3 31. Qxa3 Bxa3 32. Na4 Bb4 33. Rb2 Bxf1 34. Kxf1 Rc1+ 35. Ke2 Rfc8 36. Kd3 Rd1+ 37. Ke2 Rcc1 38. Nb6 h6 39. h4 Ra1 40. g5 hxg5 41. hxg5 Rdb1 42. Rc2 Rc1 43. Rb2 Re1+ 44. Kf3 Rec1 45. Be5 Be7 0-1


[Site "https://www.chess.com"]

[Event "Titled Tuesday Blitz March 07 Late 2023"]
[White "Davidson, Kevin"]
[Black "Smith, Garrett L"]
[WhiteFideId "2056810"]
[BlackFideId "2024829"]
[WhiteElo "2151"]
[BlackElo "2264"]
[Result "1-0"]
[Round "09"]
[TimeControl "180+2"]
[Date "2023.03.07"]
[WhiteClock "0:00:16"]
[BlackClock "0:00:10"]

1. e4 c5 2. Nf3 Nc6 3. d4 cxd4 4. Nxd4 e5 5. Nb5 d6 6. Bc4 Be7 7. O-O Nf6 8. Bg5 Nxe4 9. Bxe7 Kxe7 10. Bxf7 Nf6 11. Bb3 d5 12. f4 Qb6+ 13. Kh1 Qxb5 14. fxe5 Nxe5 15. Re1 Ng4 16. Qd4 Be6 17. h3 h5 18. Nc3 Qb6 19. Qxb6 axb6 20. hxg4 hxg4+ 21. Kg1 Kd6 22. Rad1 g3 23. Ne4+ Ke7 24. Nxg3 Ng4 25. Bxd5 Rh6 26. Nf5+ Kf6 27. Nxh6 Bxd5 28. Nxg4+ 1-0


[Site "https://www.chess.com"]

[Event "Titled Tuesday Blitz March 07 Late 2023"]
[White "Rios Escobar, Adan"]
[Black "olga-belka"]
[WhiteFideId "3403645"]
[WhiteElo "2371"]
[BlackElo "2243"]
[Result "1-0"]
[Round "09"]
[TimeControl "180+2"]
[Date "2023.03.07"]
[WhiteClock "0:00:28"]
[BlackClock "0:00:42"]

1. d4 Nf6 2. g3 g6 3. Bg2 d5 4. c4 c6 5. Nf3 Bg7 6. Qb3 O-O 7. Nc3 dxc4 8. Qxc4 Nbd7 9. O-O Nb6 10. Qd3 Be6 11. b3 a5 12. a4 Bxb3 13. e4 Bc4 14. Qe3 Bxf1 15. Bxf1 Qc7 16. Ba3 Rfd8 17. Ne5 e6 18. Rc1 Nfd7 19. Nb5 Qb8 20. Bd6 Qc8 21. Qf4 Nxe5 22. dxe5 Nxa4 23. Be7 Qd7 24. Bxd8 cxb5 25. Bf6 b4 26. Qf3 Nc3 27. h4 a4 28. h5 Bxf6 29. Qxf6 Qd8 30. Qf4 a3 31. Bc4 a2 32. Kg2 a1=Q 33. Rxa1 Rxa1 34. h6 Qd1 35. Qh4 Qh5 36. Qd8# 1-0


[Site "https://www.chess.com"]

[Event "Titled Tuesday Blitz March 07 Late 2023"]
[White "Rodriguez Santiago, Jaime"]
[Black "Seletsky, Grigory"]
[WhiteFideId "3100898"]
[BlackFideId "14112191"]
[WhiteElo "2025"]
[BlackElo "2490"]
[Result "0-1"]
[Round "09"]
[TimeControl "180+2"]
[Date "2023.03.07"]
[WhiteClock "0:00:34"]
[BlackClock "0:01:44"]

1. c4 c6 2. d4 d5 3. cxd5 cxd5 4. Bf4 Nc6 5. e3 e6 6. Nc3 Nf6 7. Bd3 Bd6 8. Bxd6 Qxd6 9. f4 O-O 10. Nf3 a6 11. O-O b5 12. Ne5 Bb7 13. Rf3 g6 14. g4 Rac8 15. g5 Ne8 16. Ng4 f5 17. gxf6 Nxf6 18. Ne5 Rc7 19. Rg3 Rg7 20. Kh1 Nd7 21. Qd2 Ndxe5 22. fxe5 Qd8 23. Rag1 Ne7 24. Ne2 Nf5 25. Rg5 Nh4 26. R5g3 Nf3 27. Rxf3 Rxf3 28. Nf4 Qh4 29. Qe2 Rf2 30. Ng2 Rxe2 31. Nxh4 Rxe3 32. Bf1 g5 33. Ng2 Re4 34. Ne1 Rxe1 35. Bh3 Rxg1+ 36. Kxg1 g4 0-1


[Site "https://www.chess.com"]

[Event "Titled Tuesday Blitz March 07 Late 2023"]
[White "Kohler, Aran"]
[Black "Rian, Kapriaga"]
[WhiteFideId "1002856"]
[BlackFideId "7103263"]
[WhiteElo "2239"]
[BlackElo "2361"]
[Result "1/2-1/2"]
[Round "09"]
[TimeControl "180+2"]
[Date "2023.03.07"]
[WhiteClock "0:01:00"]
[BlackClock "0:01:46"]

1. Nf3 d5 2. d4 Nf6 3. Bg5 e6 4. Nbd2 Be7 5. e3 O-O 6. Bd3 h6 7. h4 b6 8. Ne5 Ba6 9. Bxa6 Nxa6 10. Bxf6 Bxf6 11. Ndf3 Nb8 12. c3 c5 13. g4 cxd4 14. exd4 Bxe5 15. Nxe5 Nd7 16. Nxd7 Qxd7 17. g5 e5 18. gxh6 gxh6 19. Rg1+ Kh7 20. Qh5 exd4 21. O-O-O dxc3 22. Rxd5 cxb2+ 23. Kb1 Qe6 24. Re5 Qf6 25. Rf5 Qe6 26. Re5 Qf6 27. Rf5 Qe6 28. Re5 1/2-1/2


[Site "https://www.chess.com"]

[Event "Titled Tuesday Blitz March 07 Late 2023"]
[White "Needleman, Alejandro"]
[Black "Marcolino, Daniel Mattos"]
[WhiteFideId "100730"]
[BlackFideId "2106841"]
[WhiteElo "2230"]
[BlackElo "2124"]
[Result "1-0"]
[Round "09"]
[TimeControl "180+2"]
[Date "2023.03.07"]
[WhiteClock "0:02:24"]
[BlackClock "0:01:19"]

1. e4 c6 2. d4 d5 3. Nc3 dxe4 4. Nxe4 Nd7 5. Bc4 Ngf6 6. Nxf6+ Nxf6 7. c3 Bf5 8. Qb3 e6 9. Qxb7 Qc8 10. Ba6 e5 11. dxe5 Ng4 12. Qxc8+ Bxc8 13. Bxc8 Rxc8 14. Nf3 Bc5 15. O-O O-O 16. h3 Nxf2 17. Rxf2 Rfd8 18. Bg5 Rd5 19. Kf1 Bxf2 20. Kxf2 h6 21. Be3 Rb8 22. b4 a6 23. Bd4 a5 24. a3 axb4 25. axb4 h5 26. Ra7 1-0


[Site "https://www.chess.com"]

[Event "Titled Tuesday Blitz March 07 Late 2023"]
[White "Balague Camps, Marc"]
[Black "Vargas Pereda, Jesus Manue"]
[WhiteFideId "2297914"]
[BlackFideId "5115710"]
[WhiteElo "2089"]
[BlackElo "1914"]
[Result "1-0"]
[Round "09"]
[TimeControl "180+2"]
[Date "2023.03.07"]
[WhiteClock "0:00:39"]
[BlackClock "0:00:02"]

1. d4 Nf6 2. c4 b6 3. f3 Bb7 4. e4 e6 5. Nc3 Bb4 6. Ne2 O-O 7. a3 Bxc3+ 8. Nxc3 c5 9. d5 d6 10. Be2 exd5 11. cxd5 Nbd7 12. O-O a6 13. b4 b5 14. Kh1 c4 15. Be3 Re8 16. Bd4 Ne5 17. Re1 Ng6 18. Qd2 Rc8 19. Bf1 Nh5 20. g3 Ne5 21. Re3 g6 22. Bh3 Rc7 23. Bb6 Qe7 24. Bxc7 Qxc7 25. Qd4 Bc8 26. Bxc8 Qxc8 27. Kg2 f5 28. a4 f4 29. Ree1 Rf8 30. Rf1 bxa4 31. Rxa4 fxg3 32. hxg3 Qd8 33. f4 Nd3 34. Ne2 Qd7 35. Rxa6 Qg4 36. Rf3 Ne5 37. Re3 Rxf4 38. Rxd6 Rf3 39. Qxe5 Rxe3 40. Rd8+ Kf7 41. Qc7+ Kf6 42. Qb6+ Kg7 43. Qxe3 c3 44. Qxc3+ Kh6 45. Qe3+ Kg7 46. Nf4 Nf6 47. e5 1-0


[Site "https://www.chess.com"]

[Event "Titled Tuesday Blitz March 07 Late 2023"]
[White "tandercat"]
[Black "Kujawski, Adam"]
[BlackFideId "1100920"]
[WhiteElo "1934"]
[BlackElo "2054"]
[Result "1-0"]
[Round "09"]
[TimeControl "180+2"]
[Date "2023.03.07"]
[WhiteClock "0:01:26"]
[BlackClock "0:00:06"]

1. d4 Nf6 2. c4 e6 3. Nc3 Bb4 4. f3 Bxc3+ 5. bxc3 d5 6. cxd5 exd5 7. e3 O-O 8. Bd3 c5 9. Ne2 b6 10. O-O Ba6 11. Ng3 Re8 12. Bxa6 Nxa6 13. Qd3 Nb8 14. e4 dxe4 15. fxe4 cxd4 16. cxd4 Nc6 17. Bb2 Qd7 18. Rxf6 gxf6 19. Nh5 Qe6 20. Rf1 Kf8 21. Nxf6 Re7 22. Qe3 Ree8 23. Qh6+ Ke7 24. d5 Qd6 25. dxc6 Qc5+ 26. Kh1 Rec8 27. Nd5+ Kd8 28. Qf6+ Ke8 29. Qxf7+ Kd8 30. Qd7# 1-0


[Site "https://www.chess.com"]

[Event "Titled Tuesday Blitz March 07 Late 2023"]
[White "Barash, Anton"]
[Black "Karttunen, Mika"]
[WhiteFideId "30935229"]
[BlackFideId "502081"]
[WhiteElo "2312"]
[BlackElo "2396"]
[Result "1-0"]
[Round "09"]
[TimeControl "180+2"]
[Date "2023.03.07"]
[WhiteClock "0:00:07"]
[BlackClock "0:00:07"]

1. e4 Nf6 2. Nc3 d5 3. exd5 Nxd5 4. Bc4 c6 5. Qf3 Nf6 6. Qg3 Bg4 7. Nf3 Nbd7 8. d3 Bxf3 9. gxf3 Nb6 10. Bb3 e6 11. Bg5 Be7 12. O-O-O a5 13. a4 Nbd5 14. Nxd5 cxd5 15. Rhg1 Rc8 16. Kb1 h6 17. Bd2 g6 18. Rde1 Rc6 19. Qe5 Bd6 20. Qe2 Bxh2 21. Rg2 Bc7 22. f4 Kd7 23. Qf3 Kc8 24. Bc3 d4 25. Bd2 Kb8 26. Re2 Bd6 27. Rg1 Bc7 28. Rge1 Qd7 29. Qg2 h5 30. Qg5 Nd5 31. Bxd5 Qxd5 32. Qxd5 exd5 33. Re7 Rf6 34. Rd7 Kc8 35. Ree7 Bd8 36. Rxf7 Rxf7 37. Rxf7 h4 38. f5 h3 39. Bf4 h2 40. Bxh2 Rxh2 41. fxg6 Rg2 42. g7 Rg1+ 43. Ka2 b6 44. f4 Rg2 45. f5 Rg3 46. f6 Bxf6 47. Rxf6 Rxg7 48. Rxb6 Rc7 49. Kb3 Rc5 50. Rb5 Rxb5+ 51. axb5 Kc7 52. Ka4 Kb6 53. b4 axb4 54. Kxb4 Kb7 55. Kc5 1-0


[Site "https://www.chess.com"]

[Event "Titled Tuesday Blitz March 07 Late 2023"]
[White "Sarkar, Justin"]
[Black "Estrada Nieto, Julian"]
[WhiteFideId "2010011"]
[BlackFideId "5101018"]
[WhiteElo "2189"]
[BlackElo "2176"]
[Result "1/2-1/2"]
[Round "09"]
[TimeControl "180+2"]
[Date "2023.03.07"]
[WhiteClock "0:00:01"]
[BlackClock "0:00:14"]

1. e4 e5 2. f4 d5 3. Nf3 exf4 4. exd5 Bd6 5. d4 Nf6 6. Bb5+ c6 7. dxc6 bxc6 8. Bc4 O-O 9. O-O Nbd7 10. Nc3 Nb6 11. Bd3 Nbd5 12. Nxd5 Nxd5 13. Re1 Bg4 14. c4 Nb4 15. Be4 f5 16. Bb1 c5 17. d5 a5 18. a3 Na6 19. Bd3 Rb8 20. Rb1 Re8 21. Rxe8+ Qxe8 22. Bd2 a4 23. h3 Bxf3 24. Qxf3 Qe5 25. Bc3 Qe3+ 26. Qxe3 fxe3 27. Bxf5 Nc7 28. Re1 Bf4 29. g3 Bg5 30. Be5 Rb7 31. d6 Ne8 32. Be6+ Kh8 33. d7 Nc7 34. Bxc7 Rxc7 35. Rf1 h6 36. Rf8+ Kh7 37. d8=Q Bxd8 38. Rxd8 Rb7 39. Bf5+ g6 40. Rd7+ Rxd7 41. Bxd7 e2 42. Kf2 Kg7 43. Kxe2 Kf6 44. Bxa4 Ke5 45. Bb5 Kd4 46. a4 g5 47. a5 h5 48. h4 g4 49. a6 Ke5 50. a7 Kd6 51. a8=Q Kc7 52. Qd5 Kb6 53. Qd6+ Ka5 54. Qxc5 1/2-1/2


[Site "https://www.chess.com"]